 Dungeon Crawl Stone Soup version 0.14.1-22-g2730a98 (webtiles) character file.

308 Kae the Firebug (level 5, 0/27 HPs)
             Began as an Octopode Fire Elementalist on June 7, 2014.
             Was an Initiate of Vehumet.
             Slain by a centaur (2 damage)
             ... on Level 5 of the Dungeon.
             The game lasted 00:04:48 (3440 turns).

Kae the Firebug (Octopode Fire Elementalist)        Turns: 3440, Time: 00:04:48

HP   0/27        AC  3     Str  8      XL: 5   Next: 66%
MP  10/10        EV 12     Int 20      God: Vehumet [......]
Gold 122         SH  0     Dex 12      Spells:  3 memorised,  3 levels left

rFire  x . .     SeeInvis +     k - +0,+2 spear (pierce)
rCold  + . .     Clarity  .     (no shield)
rNeg   . . .     Conserve .     p - +2 hat
rPois  +         rCorr    .     (no amulet)
rElec  .         rRot     .     d - ring of see invisible
SustAb . .       Spirit   .     m - ring of poison resistance
rMut   .         Warding  .     y - ring of ice
Saprov . . .     Stasis   .     (no ring)
MR     .....                    (no ring)
                                (no ring)
                                (no ring)
                                (no ring)

@: not resistant to hostile enchantments, quite stealthy
A: almost no armour, amphibious, 8 rings, constrict 8, camouflage 1, blurry
vision 1, clever 1, frail 1, gelatinous body 1
a: Renounce Religion


You were on level 5 of the Dungeon.
You worshipped Vehumet.
Vehumet was noncommittal.
You were near starving.

You visited 2 branches of the dungeon, and saw 6 of its levels.

You collected 122 gold pieces.

Inventory:

Hand weapons
 k - a +0,+2 spear of piercing (weapon)
Armour
 p - a +2 hat (worn)
Comestibles
 a - 3 apples
 c - 3 bread rations
 f - 3 meat rations
 s - a slice of pizza
 u - an orange
 A - a pear
Scrolls
 g - a scroll of teleportation
Jewellery
 d - a ring of see invisible (left tentacle)
 m - a ring of poison resistance (right tentacle)
 y - a ring of ice (on tentacle)
Potions
 h - 2 potions of curing
 i - 2 potions of haste
 n - a potion of agility
 o - a potion of resistance
Books
 b - a book of Flames

   Spells                             Type                      Level
   *Flame Tongue                      Conjuration/Fire             1
   *Throw Flame                       Conjuration/Fire             2
   *Conjure Flame                     Conjuration/Fire             3
   Inner Flame                        Hexes/Fire                   3
   Sticky Flame                       Conjuration/Fire             4
   Fireball                           Conjuration/Fire             5
Magical staves
 j - an uncursed staff of summoning


   Skills:
 - Level 2.0 Dodging
 - Level 2.6 Stealth
 + Level 2.9 Spellcasting
 * Level 3.4 Conjurations
 * Level 4.4 Fire Magic


You had 3 spell levels left.
You knew the following spells:

 Your Spells              Type           Power        Failure   Level  Hunger
a - Flame Tongue          Conj/Fire      #....        2%          1    None
b - Throw Flame           Conj/Fire      #.....       4%          2    ##.....
c - Conjure Flame         Conj/Fire      #.......     10%         3    ###....


Dungeon Overview and Level Annotations

Branches:
Dungeon (5/15)             Temple (1/1) D:4

Altars:
Ashenzari
Elyvilon
Fedhas
Kikubaaqudgha
Makhleb
Nemelex Xobeh
Okawaru
Vehumet
Xom
Yredelemnul
Zin
The Shining One


Innate Abilities, Weirdness & Mutations

You cannot wear most types of armour.
You are amphibious.
You can wear up to eight rings at the same time.
You can use your tentacles to constrict many enemies at once.
Your skin changes colour to match your surroundings (Stlth).
Your rubbery body absorbs attacks (AC +1).
Your vision is a little blurry.
Your mind is acute. (Int +2)
You are frail (-10% HP).


Message History

Vehumet is noncommittal.
A centaur is nearby!
You offer a prayer to Vehumet.
Vehumet is noncommittal.
A centaur is nearby!
You offer a prayer to Vehumet.
Vehumet is noncommittal.
A centaur is nearby!
You hit the centaur.
The centaur is lightly wounded.
The centaur unwields an uncursed bow.
The centaur hits you!
You closely miss the centaur.
The centaur is lightly wounded.
The centaur barely misses you. The centaur hits you!
You barely miss the centaur. Your squeeze misses the centaur.
The centaur is lightly wounded.
The centaur hits you!
* * * LOW HITPOINT WARNING * * *
The centaur hits you.
You die...

....#....# #...##...##
##### #....#....###
##...## ##...##.....#
###.....##
.....###....#
###........## ....##
##.....#...(..#....###
...##
##....#......##.....#
...#
##...#...######....##
..## #....c@.# ##....#
...## #.....<## ##...#
....## ###....#
##....# #....## ######
###....## #.....###
#......# ###.....#
##....### # ##....##
#.....# #.....##
###...### ###..>.#
#.....#


You could see a centaur.

Vanquished Creatures
  A phantom (D:4)
  2 adders
  A shadow imp (D:5)
  3 giant geckos
  An ooze (D:1)
  3 orcs (D:3)
  3 bats
  2 giant cockroaches
  10 hobgoblins
  6 jackals
  3 quokkas
  3 giant newts
  5 goblins
  2 hobgoblin skeletons
  8 kobolds
  8 rats
61 creatures vanquished.

Notes
Turn   | Place    | Note
--------------------------------------------------------------
     0 | D:1      | Kae, the Octopode Fire Elementalist, began the quest for the Orb.
     0 | D:1      | Reached XP level 1. HP: 11/11 MP: 3/3
   387 | D:1      | Reached XP level 2. HP: 10/17 MP: 4/4
   829 | D:1      | Reached XP level 3. HP: 3/21 MP: 1/6
  1841 | D:3      | Learned a level 2 spell: Throw Flame
  1845 | D:3      | Learned a level 3 spell: Conjure Flame
  1994 | D:3      | Reached XP level 4. HP: 21/27 MP: 8/8
  2621 | D:4      | Found a staircase to the Ecumenical Temple.
  2644 | Temple   | Entered the Ecumenical Temple
  2698 | Temple   | Became a worshipper of Vehumet
  2737 | D:4      | Noticed a phantom
  2757 | D:4      | Killed a phantom
  2757 | D:4      | Reached skill level 4 in Fire Magic
  2757 | D:4      | Reached XP level 5. HP: 31/31 MP: 6/10
  3072 | D:5      | Entered Level 5 of the Dungeon
  3073 | D:5      | Noticed an ice beast
  3105 | D:5      | Noticed a centaur
  3259 | D:4      | Gained mutation: You are frail (-10% HP). [potion of mutation]
  3259 | D:4      | Gained mutation: Your vision is a little blurry. [potion of mutation]
  3259 | D:4      | Gained mutation: Your mind is acute. (Int +2) [potion of mutation]
  3263 | D:4      | Paralysed by a potion of paralysis for 7 turns
  3440 | D:5      | Slain by a centaur

Action                   |  1- 3 |  4- 6 || total
-------------------------+-------+-------++-------
Melee: Unarmed           |    41 |       ||    41
       Spear             |    32 |    54 ||    86
 Cast: Flame Tongue      |    17 |     6 ||    23
       Conjure Flame     |       |     1 ||     1
  Use: Scroll            |       |    12 ||    12
       Potion            |       |     6 ||     6
 Stab: Sleeping          |     6 |     2 ||     8
